 Dungeon Crawl Stone Soup version 0.26.1-11-gd32895ea62 (webtiles) character file.

Game seed: 683802114751302626

430 ubername the Gusty (level 6, -13/43 HPs)
             Began as a Barachi Air Elementalist on July 17, 2021.
             Killed by divine providence
             ... invoked by an orc priest
              (14 damage)
             ... on level 4 of the Dungeon.
             The game lasted 00:13:06 (4675 turns).

ubername the Gusty (Barachi Air Elementalist)       Turns: 4675, Time: 00:13:07

Health: -13/43     AC:  4    Str:  9    XL:     6   Next: 99%
Magic:  3/12       EV: 13    Int: 19    God:
Gold:   184        SH:  0    Dex: 13    Spells: 7/13 levels left

rFire    . . .     SeeInvis .   d - +0 dagger
rCold    . . .     Faith    .   (no shield)
rNeg     . . .     Spirit   .   a - +1 robe
rPois    .         Reflect  .   l - +0 helmet
rElec    .         Harm     .   (no cloak)
rCorr    .         Rampage  .   (no gloves)
Will     +....                  (no boots)
Stlth    ++........             (no amulet)
HPRegen  0.14/turn              c - ring of willpower
MPRegen  0.13/turn              (no ring)

@: slow
A: +LOS, swims, clever 1, slowness 1, subdued magic 1, strong legs 1
a: Hop


You were on level 4 of the Dungeon.
You visited 1 branch of the dungeon, and saw 4 of its levels.
You also visited: Ossuary.

You collected 184 gold pieces.

Inventory:

Hand Weapons
 b - a +0 falchion
 d - a +0 dagger (weapon)
 g - a +0 short sword
 k - a +0 hunting sling
Missiles
 e - 152 stones
 h - 36 poisoned darts (quivered)
Armour
 a - a +1 robe (worn)
 l - a +0 helmet (worn)
Jewellery
 c - a ring of willpower (left hand)
Scrolls
 f - 2 scrolls of identify
 i - 2 scrolls of teleportation
 j - a scroll of enchant armour
 n - a scroll of magic mapping {unknown}
 o - a scroll of amnesia
 p - a scroll of noise {unknown}
 q - a scroll of fear {unknown}
Potions
 m - a potion of resistance {unknown}


   Skills:
 + Level 1.1 Fighting
 + Level 1.2 Short Blades
 + Level 3.4 Dodging
 + Level 2.3 Stealth
 + Level 4.3 Spellcasting
 + Level 3.0 Conjurations
 + Level 5.2 Air Magic


You had 7 spell levels left.
You knew the following spells:

 Your Spells              Type           Power        Failure   Level
a - Shock                 Conj/Air       60%          1%          1
b - Swiftness             Air            18%          1%          2
c - Static Discharge      Conj/Air       15%          6%          3

Your spell library contained the following spells:

 Spells                   Type           Power        Failure   Level
 Airstrike                Air            9%           13%         4
 Lightning Bolt           Conj/Air       7%           52%         5


Dungeon Overview and Level Annotations

Branches:
Dungeon (4/15)            Ossuary (visited)
 Temple: D:4-7

Altars:

Annotations:
D:4 Blork the orc


Innate Abilities, Weirdness & Mutations

You can be seen from farther away. (+LOS)
You can swim through water.
You cover ground slowly.
You can hop short distances.
Your mind is acute. (Int +2)
Your spells are a little easier to cast, but a little less powerful.


Message History

Something writhes in agony!
Reactivating autopickup.
You feel a bit more experienced.
The orc priest calls down the wrath of Beogh upon you.
Pain shoots through your body!
* * * LOW HITPOINT WARNING * * *
Casting: Swiftness (safe; 1% risk of failure)
Confirm with . or Enter, or press ? or * to list all spells.
Aiming: Shock (safe; 1% risk of failure)
Press: ? - help, Shift-Dir - straight line, f - orc priest
Aim: an orc priest, wielding a +0 dagger and wearing a +0 ring mail (severely wounded, 25% to evade)
The zap hits the orc priest.
The orc priest is severely wounded.
The zap hits the orc priest.
The orc priest is severely wounded.
The zap hits the orc.
The orc is lightly wounded.
The orc priest calls down the wrath of Beogh upon you.
Beogh smites you!
You die...

####..####......>..#
###o{..## #.........####
...o#### #####o######.# #####
#o# #.# ....## #o# #.#####
###..## #.# #.....##
##..##### #)# #......##
##.....######.# #.......#
.####..........#@# #.......#
...#.##...###...### #..<....#
#.>.####.#####...# #......##
##...# #..####..## #.......#
#..#..####.#....## #.......#
...#....##....##.# #.......#
####.......##.#..# ##......##
####.....####.#.## ##......##
.........####...#####...#####


You could see 2 orc priests and an orc.

Vanquished Creatures
  Sigmund (D:4)
  A scorpion (D:4)
  An orc priest (D:4)
  2 orc wizards
  2 mummies
  Robin (D:2)
  An adder (D:3)
  An ooze (D:4)
  2 dart slugs (D:2)
  2 leopard geckos
  11 orcs
  A bat (D:1)
  4 giant cockroaches
  14 goblins
  6 hobgoblins
  A quokka (D:2)
  A ball python (D:1)
  3 frilled lizards
  A gnoll zombie (Ossuary)
  2 hobgoblin zombies (Ossuary)
  6 kobolds
  2 kobold zombies (Ossuary)
  An orc zombie (Ossuary)
  A quokka zombie (D:3)
  7 rats
75 creatures vanquished.

Vanquished Creatures (others)
  An orc wizard (D:4)
1 creature vanquished.

Grand Total: 76 creatures vanquished

Notes
Turn   | Place    | Note
-------+----------+-------------------------------------------
     0 | D:1      | ubername the Barachi Air Elementalist began the quest for
                  | the Orb.
     0 | D:1      | Reached XP level 1. HP: 13/13 MP: 3/3
   381 | D:1      | Reached XP level 2. HP: 19/19 MP: 1/5
  1118 | D:2      | Reached skill level 4 in Air Magic
  1118 | D:2      | Reached XP level 3. HP: 24/24 MP: 4/6
  1118 | D:2      | Noticed Robin
  1696 | D:2      | Killed Robin
  1697 | D:2      | Reached XP level 4. HP: 30/30 MP: 1/8
  1841 | D:2      | Gained mutation: You do not regenerate when monsters are
                  | visible. [potion of mutation]
  1841 | D:2      | Gained mutation: You are occasionally teleported next to
                  | monsters. [potion of mutation]
  1841 | D:2      | Gained mutation: You are weak. (Str -2) [potion of
                  | mutation]
  1841 | D:2      | Gained mutation: Your mind is acute. (Int +2) [potion of
                  | mutation]
  2287 | D:3      | Learned a level 2 spell: Swiftness
  2291 | D:3      | Learned a level 3 spell: Static Discharge
  2406 | D:3      | Lost mutation: You are occasionally teleported next to
                  | monsters. [potion of mutation]
  2406 | D:3      | Lost mutation: You are weak. (Str -2) [potion of mutation]
  2406 | D:3      | Lost mutation: Your mind is acute. (Int +2) [potion of
                  | mutation]
  2406 | D:3      | Gained mutation: Your spells are a little easier to cast,
                  | but a little less powerful. [potion of mutation]
  2406 | D:3      | Lost mutation: You do not regenerate when monsters are
                  | visible. [potion of mutation]
  2406 | D:3      | Gained mutation: Your mind is acute. (Int +2) [potion of
                  | mutation]
  2676 | D:3      | Reached XP level 5. HP: 35/35 MP: 6/9
  3322 | D:4      | Found a sand-covered staircase.
  3327 | Ossuary  | Entered an ossuary
  3880 | D:4      | Noticed Sigmund
  3915 | D:4      | Killed Sigmund
  3916 | D:4      | Reached skill level 1 in Fighting
  3916 | D:4      | Reached skill level 1 in Short Blades
  3916 | D:4      | Reached skill level 5 in Air Magic
  3916 | D:4      | Reached XP level 6. HP: 13/43 MP: 0/11
  4152 | D:4      | Noticed Blork the orc
  4674 | D:4      | HP: 1/43 [orc priest/nerve-wracking pain (13)]
  4675 | D:4      | Killed from afar by an orc priest

Illustrated notes

Levels and vault maps discovered:
D:1:      dpeg_arrival_ternary, layout_basic
D:2:      layout_basic, uniq_robin
D:3:      layout_rooms
D:4:      layout_rooms, lemuel_coloured_pillars_altar,
          nicolae_ossuary_entry_plus, uniq_sigmund, uniq_ijyb,
          uniq_blork_the_orc

Skill      XL: |  1  2  3  4  5  6 |
---------------+-------------------+-----
Air Magic      | 4 5 |  5.2
Stealth        | 2 |  2.3
Spellcasting   | 3 4 |  4.3
Conjurations   | 2 3 |  3.0
Fighting       | 1 |  1.1
Short Blades   | 1 |  1.2
Dodging        | 3 |  3.4

Action                   |  1- 3 |  4- 6 || total
-------------------------+-------+-------++-------
Melee: Dagger            |    17 |    54 ||    71
Throw: Dart              |     2 |       ||     2
 Cast: Shock             |    69 |   129 ||   198
       Swiftness         |       |     3 ||     3
  Use: Scroll            |       |     5 ||     5
       Potion            |       |     3 ||     3
Armor: Robe              |     6 |    20 ||    26
Dodge: Dodged            |    25 |    65 ||    90
